 Dungeon Crawl Stone Soup version 0.21.1-1-g345015f (webtiles) character file.

7 joejoepie the Vexing (level 2, 23/23 HPs)
             Began as a Gnoll Arcane Marksman on Jan 10, 2018.
             Quit the game on level 1 of the Dungeon on Mar 3, 2018.
             The game lasted 00:01:16 (316 turns).

joejoepie the Vexing (Gnoll Arcane Marksman)         Turns: 316, Time: 00:01:17

Health: 23/23      AC:  2    Str: 12    XL:     2   Next: 0%
Magic:  5/5        EV: 14    Int: 15    God:
Gold:   17         SH:  0    Dex: 15    Spells: 5/6 levels left

rFire    . . .     SeeInvis .   a - +0 shortbow
rCold    . . .     Gourm    .   (shield currently unavailable)
rNeg     . . .     Faith    .   e - +0 robe
rPois    .         Spirit   .   (no helmet)
rElec    .         Reflect  .   (no cloak)
rCorr    .         Harm     .   (no gloves)
MR       .....                  (no boots)
Stlth    +.........             (no amulet)
HPRegen  0.07/turn              (no ring)
MPRegen  0.09/turn              (no ring)

@: no status effects
A: distributed training, fangs 1, strong nose
a: no special abilities


You were on level 1 of the Dungeon.
You were not hungry.

You visited 1 branch of the dungeon, and saw 1 of its levels.

You collected 17 gold pieces.

Inventory:

Hand Weapons
 a - a +0 shortbow (weapon)
Missiles
 d - 18 arrows (quivered)
Armour
 e - a +0 robe (worn)
Jewellery
 j - a cursed ring of teleportation {unknown}
Scrolls
 b - a scroll of magic mapping {unknown}
 g - a scroll of identify {unknown}
 h - a scroll of teleportation {unknown}
Potions
 i - 2 potions of agility {unknown}
Books
 c - a book of Debilitation

   Spells                             Type                      Level
   a - Corona                         Hexes                        1
   b - Slow                           Hexes                        2
   c - Inner Flame                    Hexes/Fire                   3
   d - Portal Projectile              Hexes/Translocation          3
   e - Cause Fear                     Hexes                        4
   f - Leda's Liquefaction            Hexes/Earth                  4
Comestibles
 f - a ration


   Skills:
 + Level 2.4 Fighting
 + Level 0.2 Short Blades
 + Level 0.2 Long Blades
 + Level 0.2 Axes
 + Level 0.2 Maces & Flails
 + Level 0.2 Polearms
 + Level 0.2 Staves
 + Level 0.2 Slings
 + Level 4.4 Bows
 + Level 0.2 Crossbows
 + Level 0.2 Throwing
 + Level 0.2 Armour
 + Level 4.4 Dodging
 + Level 0.2 Stealth
 + Level 0.2 Shields
 + Level 0.2 Unarmed Combat
 + Level 2.6 Spellcasting
 + Level 0.1 Conjurations
 + Level 5.3 Hexes
 + Level 0.1 Charms
 + Level 0.1 Summonings
 + Level 0.1 Necromancy
 + Level 0.1 Translocations
 + Level 0.1 Transmutations
 + Level 0.1 Fire Magic
 + Level 0.1 Ice Magic
 + Level 0.1 Air Magic
 + Level 0.1 Earth Magic
 + Level 0.1 Poison Magic
 + Level 0.3 Invocations
 + Level 0.2 Evocations


You had 5 spell levels left.
You knew the following spells:

 Your Spells              Type           Power        Failure   Level  Hunger
a - Corona                Hex            ###....      2%          1    #......


Dungeon Overview and Level Annotations

Branches:
Dungeon (1/15)

Altars:


Innate Abilities, Weirdness & Mutations

Your experience applies equally to all skills.
You have very sharp teeth.
Your uncanny sense of smell can sniff out nearby items.


Message History

You have reached level 2!
You start resting.
HP restored.
a - a +0 shortbow (weapon)
d - 15 arrows (gained 1)
Found a scroll labeled OVOMAH VEVIH.
d - 16 arrows (gained 1)
d - 17 arrows (gained 1)
d - 18 arrows (gained 1)
i - 2 fuming green potions You open the door.
Found a blackened agate ring.
There is an open door here.
j - a blackened agate ring
There are no items here.
Saving game... please wait.
Welcome back, joejoepie the Gnoll Arcane Marksman.
Press ? for a list of commands and other information.
Okay, then.
Are you sure you want to abandon this character and quit the game? (Confirm with "yes".)

### ..# #.# ∆
#.# ..#.#
#.#.#
#.#.#####
#.#@#... ...
#.#'#.###....
#.........#
#.........#
#.........#
###
#............
#..
#.#+#.....###
#... #.#
##....# #
#... #.#
..#.?. ..


There were no monsters in sight!

Vanquished Creatures
  An ooze (D:1)
  2 kobolds (D:1)
3 creatures vanquished.

Notes
Turn   | Place    | Note
-------+----------+-------------------------------------------
     0 | D:1      | joejoepie the Gnoll Arcane Marksman began the quest for the Orb.
     0 | D:1      | Reached XP level 1. HP: 17/17 MP: 4/4
    85 | D:1      | Reached XP level 2. HP: 8/23 MP: 5/5
   316 | D:1      | Upgraded the game from 0.21.0-3-g78d12a8 to 0.21.1-1-g345015f
   316 | D:1      | Quit the game

Action                   || total
-------------------------++-------
Melee: Unarmed           ||     8
 Fire: Shortbow          ||     8
Armor: Robe              ||     1
Dodge: Dodged            ||     5
